 Dungeon Sprint DCSS version 0.28-a0-1286-g6bde065e89 (webtiles) character file.

Game seed: 14645783074466983038

37276 mhtbhm the Shatterer (level 14, -4/138 HPs)
             Began as a Human Berserker on Dec 26, 2021.
             Was the Champion of Trog.
             Slain by a naga warrior (33 damage)
             ... in the Dungeon (Sprint IX: "|||||||||||||||||||||||||||||").
             The game lasted 00:07:52 (5024 turns).

mhtbhm the Shatterer (Human Berserker)              Turns: 5024, Time: 00:07:53

Health: -4/138     AC: 26    Str: 27    XL:     14   Next: 28%
Magic:  14/14      EV: 11    Int:  8    God:    Trog [******]
Gold:   296        SH:  0    Dex: 12    Spells: 13/13 levels left

rFire   + . .      SeeInvis .   a - +5 dire flail of Weittow {flame, rN+ Str+4}
rCold   + . .      Faith    +   (shield currently unavailable)
rNeg    + . .      Spirit   .   b - +4 chain mail {rC+}
rPois   .          Reflect  .   l - +0 helmet
rElec   .          Harm     .   k - +0 cloak
rCorr   .          Rampage  .   (no gloves)
Will    +....      NoTele   +   w - +0 pair of boots
Stlth   ..........              y - amulet of faith
HPRegen 0.33/turn               n - +2 ring of protection
MPRegen 0.14/turn               A - ring of protection from fire

@: lethally poisoned (-4 -> -13), on berserk cooldown, slowed, constricted,
studying Dodging, very slow
A: no striking features
a: Renounce Religion, Berserk, Trog's Hand, Brothers in Arms


You were in the Dungeon.
You worshipped Trog.
Trog was exalted by your worship.
You visited 1 branch You collected 1920 gold pieces.
You spent 1624 gold pieces at shops.

Inventory:

Hand Weapons
 a - the +5 dire flail of Weittow (weapon) {flame, rN+ Str+4}
   (Trog gifted it to you in the Dungeon)

   It burns those it strikes, dealing additional fire damage.
   Str:       It affects your strength (+4).
   rN:        It protects you from negative energy.
 v - a +6 vorpal eveningstar
 x - the +8 great mace "Dieppit" {flame, *Noise rN+++}
   (Trog gifted it to you in the Dungeon)

   It burns those it strikes, dealing additional fire damage.
   rN:        It renders you almost immune to negative energy.
   *Noise:    It may make noises in combat.
 D - the +11 plutonium sword {Contam Stlth-}
   (Trog gifted it to you in the Dungeon)

   It occasionally inflicts wild transmutation effects on those it strikes,
   inflicting malmutation or extra damage, or polymorphing them into a new form.
   Contam:    It causes magical contamination when unequipped.
   Stlth:     It makes you less stealthy.
Armour
 b - a +4 chain mail of cold resistance (worn)
 k - a +0 cloak (worn)
 l - a +0 helmet (worn)
 w - a +0 pair of boots (worn)
Jewellery
 n - a +2 ring of protection (left hand)
 y - an amulet of faith (around neck)
 z - a ring of fire
 A - a ring of protection from fire (right hand)
 B - a ring of ice
 C - a ring of protection from cold
Wands
 j - a wand of iceblast (6)
Scrolls
 h - 2 scrolls of blinking
 m - a scroll of fear
 q - a scroll of enchant weapon
 s - 4 scrolls of identify
 t - 2 scrolls of fog
 u - 4 scrolls of enchant armour
Potions
 c - 5 potions of curing
 d - 5 potions of heal wounds
 e - a potion of haste
 f - 4 potions of magic
 g - 2 potions of berserk rage
 i - a potion of invisibility
 o - a potion of mutation
 p - a potion of resistance
 r - a potion of lignification


   Skills:
 + Level 21.2 Fighting
 + Level 21.5 Maces & Flails
 + Level 18.7 Armour
 + Level 12.9 Dodging
 + Level 2.7 Stealth
 + Level 3.0 Evocations


You had 13 spell levels left.
You didn't know any spells.
Your spell library was empty.

Dungeon Overview and Level Annotations

Branches:
Dungeon (1/1)

Altars:
Cheibriados
Dithmenos
Elyvilon
Fedhas
Gozag
Hepliaklqana
Kikubaaqudgha
Makhleb
Nemelex Xobeh
Okawaru
Qazlal
Ru
Sif Muna
Trog
Uskayaw
Vehumet
Wu Jian
Xom
Yredelemnul
Zin
The Shining One
Beogh
Jiyva
Lugonu

Shops:
D =([:


Message History

You see here the +12 quarterstaff of the Six Lovers {flame, rF++ rN+ Str-5}.
You are no longer berserk.
You are exhausted.
You feel yourself slow down.
You feel sick.
You feel very sick. The naga warrior spits poison at you.
The splash of poison hits you but does no damage.
You are more poisoned.
The naga warrior hits you with a +1 trident of venom.
You are more poisoned.
The naga warrior grabs you. The naga warrior constricts you.
You see here a salamander corpse.
You barely miss the naga warrior.
You feel extremely sick.
The naga warrior hits you but does no damage.
The naga warrior constricts you.
* * * LOW HITPOINT WARNING * * *
Unknown command.
You impale the naga warrior!! You burn the naga warrior.
The naga warrior is moderately wounded.
You feel very sick.
The naga warrior roars a battlecry!
The naga warrior goes into a battle-frenzy!
Unknown command.
You bludgeon the naga warrior!! You burn the naga warrior!
The naga warrior is severely wounded.
You feel very sick.
The naga warrior no longer looks unusually strong.
The naga warrior closely misses you. The naga warrior constricts you.
* * * LOW HITPOINT WARNING * * *
The guardian serpent casts a spell at you.
The bolt of poison hits the naga warrior!
The bolt of poison misses you.
Unknown command.
You feel better.
The naga warrior hits you but does no damage.
You are poisoned.
The naga warrior constricts you.
The naga warrior hits you with a +1 trident of venom!!
You die...

†▓.▓[▓.▓'▓.▓'▓.▓
)▓.▓.▓.▓.▓.▓.▓.▓
.▓.▓.▓.▓.▓.▓)▓.▓
.▓.▓.▓.▓.▓.▓.▓.▓+▓
)▓.▓'▓.▓)▓.▓.▓.▓.▓
.▓.▓.▓.▓)▓.▓.▓.▓N▓
)▓.▓.▓.▓∩▓.▓.▓.▓S▓
'▓.▓(▓.▓.▓.▓.▓.▓N▓
.▓.▓!▓.▓∩▓.▓.▓.▓@▓
.▓.▓.▓.▓.▓.▓.▓.▓)▓
.▓.▓.▓.▓∩▓)▓.▓.▓)▓
[▓.▓.▓.▓)▓.▓)▓.▓)▓
.▓.▓.▓.▓∩▓.▓)▓.▓)▓
.▓.▓.▓.▓)▓.▓.▓.▓)▓
)▓.▓.▓.▓.▓.▓)▓.♣.♣
?▓.▓÷▓.▓)▓.▓.▓.♣.♣
.▓.▓.▓.▓)▓.▓'▓.♣.♣


You could see 2 naga warriors and a guardian serpent.

Vanquished Creatures
  A nagaraja (D)
  2 emperor scorpions (D)
  An eleionoma (D)
  A bunyip (D)
  An ettin (D)
  A hydra (D)
  An ice dragon (D)
  A salamander tyrant (D)
  An ogre mage (D)
  A naga warrior (D)
  An alligator snapping turtle (D)
  3 boulder beetles (D)
  A merfolk avatar (D)
  2 centaur warriors (D)
  4 alligators (D)
  A two-headed ogre (D)
  A satyr (D)
  A naga sharpshooter (D)
  A tengu warrior (D)
  A deep troll shaman (D)
  2 orc high priests (D)
  A goliath frog (D)
  2 swamp dragons (D)
  A wizard (D)
  5 orc knights (D)
  An ugly thing (D)
  2 wolf spiders (D)
  An orc sorcerer (D)
  2 manticores (D)
  A merfolk siren (D)
  A black mamba (D)
  An unseen horror (D)
  6 cane toads (D)
  Joseph (D)
  A water nymph (D)
  A torpor snail (D)
  A rime drake (D)
  A demonic crawler (D)
  2 komodo dragons (D)
  A polar bear (D)
  2 trolls (D)
  A tyrant leech (D)
  2 merfolk (D)
  3 blink frogs (D)
  A snapping turtle (D)
  2 culicivoras (D)
  A jumping spider (D)
  A shadow (D)
  A wyvern (D)
  A yak (D)
  2 basilisks (D)
  2 nagas (D)
  3 water moccasins (D)
  8 orc warriors (D)
  A centaur (D)
  5 bullfrogs (D)
  A wight (D)
  A hound (D)
  7 orc priests (D)
  2 orc wizards (D)
  A gnoll (D)
  A worm (D)
  2 dart slugs (D)
  8 orcs (D)
  An endoplasm (D)
  A giant cockroach (D)
  A hobgoblin (D)
  A kobold (D)
124 creatures vanquished.

Vanquished Creatures (collateral kills)
  An ettin (D)
  An ice dragon (D)
  A centaur warrior (D)
  An orc high priest (D)
  A necromancer (D)
  An orc sorcerer (D)
  A tyrant leech (D)
  4 orcs (D)
11 creatures vanquished.

Grand Total: 135 creatures vanquished

Notes
Turn   | Place    | Note
-------+----------+-------------------------------------------
     0 | D        | mhtbhm the Human Berserker began the quest for the Orb.
     0 | D        | Reached XP level 1. HP: 18/18 MP: 1/1
    10 | D        | Reached ** piety under Trog
    13 | D        | Reached XP level 2. HP: 25/25 MP: 2/2
    73 | D        | Reached XP level 3. HP: 31/31 MP: 3/3
    76 | D        | Reached *** piety under Trog
    77 | D        | Reached skill level 5 in Fighting
    77 | D        | Reached skill level 5 in Maces & Flails
    77 | D        | Reached XP level 4. HP: 39/39 MP: 4/4
    86 | D        | Found a snail-covered altar of Cheibriados.
    86 | D        | Found a shadowy altar of Dithmenos.
    86 | D        | Found a white marble altar of Elyvilon.
    86 | D        | Found a blossoming altar of Fedhas.
    86 | D        | Found an opulent altar of Gozag.
    87 | D        | Found a hazy altar of Hepliaklqana.
    88 | D        | Found a viscous altar of Jiyva.
    89 | D        | Found an ancient bone altar of Kikubaaqudgha.
    90 | D        | Found a corrupted altar of Lugonu.
    91 | D        | Found a burning altar of Makhleb.
    92 | D        | Found a sparkling altar of Nemelex Xobeh.
    93 | D        | Found an iron altar of Okawaru.
    94 | D        | Found a stormy altar of Qazlal.
    95 | D        | Found a sacrificial altar of Ru.
    96 | D        | Found a shimmering blue altar of Sif Muna.
    97 | D        | Found a bloodstained altar of Trog.
    98 | D        | Found a hide-covered altar of Uskayaw.
    99 | D        | Found a radiant altar of Vehumet.
   100 | D        | Found an ornate altar of the Wu Jian Council.
   101 | D        | Found a shimmering altar of Xom.
   102 | D        | Found a basalt altar of Yredelemnul.
   103 | D        | Found a glowing silver altar of Zin.
   104 | D        | Found a glowing golden altar of the Shining One.
   157 | D        | Noticed a troll
   157 | D        | Noticed a troll
   157 | D        | Noticed a centaur
   157 | D        | Noticed a wyvern
   157 | D        | Noticed a shadow
   159 | D        | Killed a shadow
   160 | D        | Reached XP level 5. HP: 49/49 MP: 5/5
   160 | D        | Reached XP level 6. HP: 56/56 MP: 6/6
   161 | D        | Killed a wyvern
   161 | D        | Reached **** piety under Trog
   162 | D        | Reached skill level 5 in Armour
   162 | D        | Reached XP level 7. HP: 64/64 MP: 7/7
   165 | D        | Killed a troll
   166 | D        | Reached skill level 10 in Fighting
   166 | D        | Reached skill level 10 in Maces & Flails
   166 | D        | Reached skill level 5 in Dodging
   172 | D        | Killed a troll
   173 | D        | Reached XP level 8. HP: 34/74 MP: 8/8
   174 | D        | Reached ***** piety under Trog
   396 | D        | Noticed a seven-headed hydra
   396 | D        | Noticed a boulder beetle
   396 | D        | Noticed a two-headed ogre
   396 | D        | Noticed a centaur warrior
   396 | D        | Noticed a centaur warrior
   399 | D        | Killed a centaur warrior
   400 | D        | Reached XP level 9. HP: 81/81 MP: 9/9
   408 | D        | Killed a boulder beetle
   408 | D        | Received a gift from Trog
   413 | D        | Killed a centaur warrior
   415 | D        | Killed a two-headed ogre
   416 | D        | Reached XP level 10. HP: 80/92 MP: 10/10
   567 | D        | Killed a seven-headed hydra
   568 | D        | Reached skill level 15 in Maces & Flails
   568 | D        | Reached skill level 10 in Armour
   575 | D        | Killed an unseen horror
   839 | D        | Noticed a black mamba
   839 | D        | Noticed a cane toad
   839 | D        | Noticed a cane toad
   840 | D        | Noticed a cane toad
   848 | D        | Killed a cane toad
   852 | D        | Killed a cane toad
   853 | D        | Killed a black mamba
   859 | D        | Killed a cane toad
   859 | D        | Received a gift from Trog
   860 | D        | Reached XP level 11. HP: 100/100 MP: 11/11
  1071 | D        | Reached ****** piety under Trog
  1075 | D        | Received a gift from Trog
  1085 | D        | Reached skill level 1 in Stealth
  1212 | D        | Reached skill level 15 in Fighting
  1223 | D        | Received a gift from Trog
  1622 | D        | Noticed an orc knight
  1638 | D        | Noticed an orc high priest
  1640 | D        | Killed an orc knight
  1641 | D        | Received a gift from Trog
  1653 | D        | Killed an orc high priest
  1772 | D        | Noticed an orc knight
  1777 | D        | Received a gift from Trog
  1781 | D        | Noticed an orc sorcerer
  1788 | D        | Killed an orc knight
  1789 | D        | Reached XP level 12. HP: 111/111 MP: 12/12
  1800 | D        | Received a gift from Trog
  2013 | D        | Found Paczain's Book Boutique.
  2014 | D        | Noticed an orc high priest
  2021 | D        | Identified the +5 dire flail of Weittow {flame, rN+ Str+4}
                  | (Trog gifted it to you in the Dungeon)
  2021 | D        | Received a gift from Trog
  2022 | D        | Found Dogguek's Antique Armour Shop.
  2028 | D        | Reached skill level 10 in Dodging
  2032 | D        | Found Toppir's Antique Weapon Boutique.
  2038 | D        | Noticed a soul eater
  2046 | D        | Killed an orc high priest
  2049 | D        | Identified the +8 great mace "Dieppit" {flame, *Noise
                  | rN+++} (Trog gifted it to you in the Dungeon)
  2049 | D        | Received a gift from Trog
  2252 | D        | Found Xaniv's Jewellery Shop.
  2260 | D        | Noticed an orc high priest
  2269 | D        | Killed an orc high priest
  2301 | D        | Bought an amulet of faith for 440 gold pieces
  2307 | D        | Bought a manual of Dodging for 880 gold pieces
  2332 | D        | Bought a runed chain mail for 157 gold pieces
  2343 | D        | Bought a glowing ring mail for 147 gold pieces
  2393 | D        | Noticed Joseph
  2401 | D        | Killed Joseph
  2610 | D        | Noticed an ogre mage
  2610 | D        | Noticed a tengu warrior
  2610 | D        | Noticed a boulder beetle
  2621 | D        | Noticed a centaur warrior
  2623 | D        | Noticed a boulder beetle
  2626 | D        | Noticed an ettin
  2630 | D        | Noticed an ice dragon
  2633 | D        | Killed a tengu warrior
  2636 | D        | Received a gift from Trog
  2639 | D        | Killed an ogre mage
  2640 | D        | Noticed an ettin
  2643 | D        | Noticed an ice dragon
  2650 | D        | Killed a centaur warrior
  2655 | D        | Killed a boulder beetle
  2665 | D        | Killed an ettin
  2665 | D        | Received a gift from Trog
  2668 | D        | Killed an ice dragon
  2669 | D        | Reached XP level 13. HP: 86/124 MP: 13/13
  2685 | D        | Killed a boulder beetle
  2704 | D        | Killed an ettin
  2704 | D        | Received a gift from Trog
  2705 | D        | Reached skill level 15 in Armour
  3092 | D        | Killed an ice dragon
  3643 | D        | Noticed an emperor scorpion
  3643 | D        | Noticed an emperor scorpion
  3653 | D        | Killed an emperor scorpion
  3654 | D        | Reached skill level 1 in Evocations
  3953 | D        | Received a gift from Trog
  3960 | D        | Killed an emperor scorpion
  4010 | D        | Noticed an alligator snapping turtle
  4010 | D        | Noticed a merfolk avatar
  4118 | D        | Received a gift from Trog
  4118 | D        | Found the +11 plutonium sword {Contam Stlth-}
  4136 | D        | Killed a merfolk avatar
  4475 | D        | Killed an alligator snapping turtle
  4475 | D        | Received a gift from Trog
  4703 | D        | Identified the +8 great mace of Big Damage {antimagic,
                  | +Blink Int-5 Dex+4 Stlth+} (Trog gifted it to you in the
                  | Dungeon)
  4703 | D        | Received a gift from Trog
  4839 | D        | Noticed a bunyip
  4839 | D        | Noticed an eleionoma
  4850 | D        | Killed an eleionoma
  4864 | D        | Received a gift from Trog
  4865 | D        | Reached XP level 14. HP: 136/136 MP: 14/14
  4871 | D        | Killed a bunyip
  4994 | D        | Noticed a nagaraja
  5008 | D        | Killed a nagaraja
  5008 | D        | Identified the +9 dire flail of Bloody Death {flame, rPois
                  | rC+ Will+ Int-2} (Trog gifted it to you in the Dungeon)
  5008 | D        | Received a gift from Trog
  5019 | D        | Identified the +12 quarterstaff of the Six Lovers {flame,
                  | rF++ rN+ Str-5} (Trog gifted it to you in the Dungeon)
  5019 | D        | Received a gift from Trog
  5024 | D        | Slain by a naga warrior

Illustrated notes

Levels and vault maps discovered:
D:        linesprint [early_d, line_temple, items_1, d_10, items_2, lair_1,
          lair_end, items_3, orc_1, orc_end, items_4, d_15, swamp_1, shoals_1,
          snake_1, spider_1, d_20, vaults_1, items_5, swamp_end, shoals_end,
          snake_end, spider_end, vaults_end, d_27, items_6, zot_1, zot_end,
          crypt_end, forest_end, elf_end, slime_end, tomb_end, abyss_end,
          pan_hell_end]

Skill      XL: |  1  2  3  4  5  6  7  8  9 10 11 12 13 14 |
---------------+-------------------------------------------+-----
Fighting       | 4 5 8 9 10 11 13 14 16 18 20 21 | 21.2
Maces & Flails | 4 5 8 9 11 12 14 16 18 19 21 | 21.5
Armour         | 3 4 5 6 7 9 11 12 14 17 18 | 18.7
Dodging        | 4 5 6 7 8 9 11 12 | 12.9
Stealth        | 1 2 |  2.7
Evocations     | 2 3 |  3.0

Action                   |  1- 3 |  4- 6 |  7- 9 | 10-12 | 13-15 || total
-------------------------+-------+-------+-------+-------+-------++-------
Melee: Mace              |    15 |     3 |       |       |       ||    18
       Morningstar       |       |     3 |    28 |    34 |       ||    65
       Dire flail        |       |       |       |   199 |   170 ||   369
Invok: Berserk           |     2 |     1 |     1 |     8 |     8 ||    20
       Brothers in Arms  |       |       |       |     4 |     2 ||     6
       Trog's Hand       |       |       |       |       |     1 ||     1
Evoke: Wand              |       |       |       |       |     4 ||     4
  Use: Potion            |       |       |       |     1 |     4 ||     5
       Scroll            |       |       |       |     1 |       ||     1
Armor: Animal skin       |     1 |       |       |       |       ||     1
       Chain mail        |       |     2 |    25 |    27 |    78 ||   132
       Scale mail        |       |       |       |    47 |       ||    47
Dodge: Dodged            |     7 |     1 |    17 |    85 |    77 ||   187

Table legend: (Time is in decaauts)
 A = Elapsed time spent in this place.
 B = Non-inter-level travel time spent in this place.
 C = Inter-level travel time spent in this place.
 D = Time resting spent in this place.
 E = Time spent auto-exploring this place.
 F = Levels seen in this place.
 G = Mean time per level.
                   A        B        C        D        E       F      G
               +--------+--------+--------+--------+--------+-----+--------+
         Total |   5012 |   5012 |      0 |   3303 |    461 |   1 | 5012.0 |
       Dungeon |   5012 |   5012 |      0 |   3303 |    461 |   1 | 5012.0 |
               +--------+--------+--------+--------+--------+-----+--------+

Top non-repeatable levels by time:
       D: 5012 daAuts
